 Dungeon Crawl Stone Soup version 0.17-a0-1804-gf6433eb (webtiles) character file.

795 4thArraOfDagon the Chopper (level 7, 0/66 HPs)
             Began as a Deep Dwarf Berserker on Sept 11, 2015.
             Was a Believer of Trog.
             Killed from afar by a steam dragon (20 damage)
             ... with a ball of steam
             ... on level 7 of the Dungeon.
             The game lasted 00:04:11 (694 turns).

4thArraOfDagon the Chopper (Deep Dwarf Berserker)    Turns: 694, Time: 00:04:11

Health: 0/66       AC: 12    Str: 23    XL:     7   Next: 58%
Magic:  7/7        EV:  7    Int:  7    God:    Trog [**....]
Gold:   13         SH:  0    Dex: 12    Spells: 0 memorised, 6 levels left

rFire  . . .     SeeInvis .     l - +1 hand axe (freeze)
rCold  . . .     Clarity  .     r - +0 plate armour
rNeg   . . .     SustAt   .     (no shield)
rPois  .         Gourm    .     (no helmet)
rElec  .         Spirit   .     (no cloak)
rCorr  .         Warding  .     (no gloves)
rMut   .         Stasis   .     (no boots)
MR     +++..                    (no amulet)
Stlth  ..........               (no ring)
                                b - ring of stealth

@: exhausted, non-regenerating, slowed, very slow, extremely resistant to
hostile enchantments, extremely unstealthy
A: damage resistance, recharge devices, sense surroundings 1, slow healing 3
a: Device Recharging, Burn Spellbooks, Berserk, Trog's Hand, Renounce Religion


You were on level 7 of the Dungeon.
You worshipped Trog.
Trog was pleased with you.
You were near starving.

You visited 1 branch of the dungeon, and saw 7 of its levels.

You collected 49 gold pieces.
You spent 36 gold pieces at shops.

Inventory:

Hand weapons
 a - a +0 hand axe
 l - a +1 hand axe of freezing (weapon)
Armour
 r - a +0 plate armour (worn)
Jewellery
 b - a ring of stealth (left hand)
Magical devices
 c - a wand of heal wounds (4)
Scrolls
 f - 2 scrolls of identify {unknown}
 g - a scroll of teleportation {unknown}
 h - 3 scrolls of enchant weapon {unknown}
 j - 2 scrolls of remove curse {unknown}
 m - a scroll of fog {unknown}
 p - a scroll of recharging {unknown}
Potions
 e - a potion of agility
 i - a potion of might
 n - a potion of brilliance
 q - 2 potions of curing {unknown}
 s - a potion of degeneration {unknown}
Comestibles
 d - 2 bread rations
 k - a meat ration


   Skills:
 + Level 4.7 Fighting
 * Level 7.4 Axes
 + Level 4.9 Armour
 - Level 2.1 Dodging


You had 6 spell levels left.
You didn't know any spells.

Dungeon Overview and Level Annotations

Branches:
Dungeon (7/15)             Temple (0/1) D:4

Altars:

Shops:
D:6 *

Annotations:
D:6 Prince Ribbit


Innate Abilities, Weirdness & Mutations

You are resistant to damage.
You can recharge devices by infusing magical energy.
You passively map a small area around you.
You do not heal naturally.


Message History

The steam dragon bites you but does no damage.
The steam dragon claws you but does no damage.
The ice beast hits you but does no damage.
The steam dragon breathes steam at you. The ball of steam hits you!
The ice beast hits you but does no damage.
The steam dragon bites you. The steam dragon claws you.
The ice beast barely misses you. The steam dragon breathes steam at you.
The ball of steam hits you!
* * * LOW HITPOINT WARNING * * *
Unknown command.
Unknown command.
You slash the ice beast!
You kill the ice beast!
Trog accepts your kill.
Your plate armour prevents you from hitting the steam dragon.
The steam dragon breathes steam at you. The ball of steam hits you!
You die...

..#.#.####### #* ,, ,,
#.#........<#.###+######
.[...........).......... ,
#.#.#######.##..........
#)#.# ...............
#.#.######...#............,
..#........#.#.............
,
#....#**####.#.............
.....# #......@.......... ,
.....# #.#.#...D.........
....## * #............... ,
....# * ##..............
....# .##.............. ,,
....# .......))).......
##### * ####...).).......
.......).%....... *
####.............


You could see a steam dragon.

Vanquished Creatures
  2 orc warriors (D:7)
  An ice beast (D:7)
  A scorpion (D:7)
  3 wights (D:7)
  2 crimson imps
  An orc priest (D:7)
  An iguana (D:7)
  2 orc wizards (D:7)
  A hound (D:7)
  A jelly (D:5)
  2 adders
  An adder zombie (D:7)
  An adder skeleton (D:7)
  2 giant geckos (D:1)
  3 orcs (D:7)
  A bat (D:3)
  2 giant cockroaches (D:4)
  A goblin (D:1)
  A quokka (D:3)
  2 giant newts
  4 jackals (D:2)
35 creatures vanquished.

Vanquished Creatures (others)
  A hungry ghost (D:7)
  An adder zombie (D:7)
2 creatures vanquished.

Grand Total: 37 creatures vanquished

Notes
Turn   | Place    | Note
--------------------------------------------------------------
     0 | D:1      | 4thArraOfDagon the Deep Dwarf Berserker began the quest for the Orb.
     0 | D:1      | Reached XP level 1. HP: 20/20 MP: 1/1
   125 | D:2      | Reached XP level 2. HP: 20/27 MP: 2/2
   258 | D:2      | You fall through a shaft!
   334 | D:3      | Reached skill level 4 in Axes
   334 | D:3      | Reached XP level 3. HP: 3/34 MP: 3/3
   367 | D:4      | Found a staircase to the Ecumenical Temple.
   425 | D:5      | Entered Level 5 of the Dungeon
   455 | D:5      | Reached XP level 4. HP: 32/42 MP: 4/4
   494 | D:6      | Found Zilar's Assorted Antiques.
   501 | D:6      | Bought a pink potion for 18 gold pieces
   517 | D:6      | Noticed Prince Ribbit
   573 | D:7      | Noticed an orc warrior
   580 | D:7      | Killed an orc warrior
   580 | D:7      | Acquired Trog's second power
   580 | D:7      | Reached skill level 5 in Axes
   580 | D:7      | Reached XP level 5. HP: 50/50 MP: 5/5
   651 | D:6      | Bought a fuming brown potion for 18 gold pieces
   659 | D:7      | Noticed a hungry ghost
   659 | D:7      | Noticed an orc warrior
   664 | D:7      | Reached XP level 6. HP: 57/57 MP: 6/6
   667 | D:7      | Reached skill level 6 in Axes
   671 | D:7      | Noticed a steam dragon
   671 | D:7      | Killed an orc warrior
   671 | D:7      | Reached XP level 7. HP: 66/66 MP: 7/7
   672 | D:7      | Noticed an ice beast
   673 | D:7      | Reached skill level 7 in Axes
   682 | D:7      | Killed a hungry ghost
   694 | D:7      | Killed an ice beast
   694 | D:7      | Killed from afar by a steam dragon

Vault maps used:
D:1:      roderic_octagonal_star
D:2:      grunt_temple_overflow_open, uniq_crazy_yiuf_cottage, uniq_robin
D:3:      serial_bayou, serial_bayou_lake_a, serial_bayou_shore_a,
          serial_bayou_pond_e, serial_bayou_pond_b, xom_teletrap_fun, uniq_iyjb
D:4:      minmay_temple_entry_statues_pillars
D:5:      grunt_temple_overflow_champion_of_chaos,
          grunt_temple_overflow_growth_and_decay, tgw_sif, basic_altar,
          first_bread, guppyfry_early_orc_mine
D:6:      serial_shops, shop, uniq_prince_ribbit1
D:7:      fedhas_altar_decomposition, uniq_joseph, uniq_duvessa

Action                   |  1- 3 |  4- 6 |  7- 9 || total
-------------------------+-------+-------+-------++-------
Melee: Hand axe          |    52 |    16 |    10 ||    78
Invok: Berserk           |       |     2 |       ||     2
       Trog's Hand       |       |     1 |     1 ||     2
Evoke: Wand              |       |     1 |       ||     1
  Use: Potion            |     5 |     2 |       ||     7
 Stab: Sleeping          |     2 |       |       ||     2
  Eat: Chunk             |       |     1 |     2 ||     3
